[Event "Titled Tuesday Blitz June 07 Early 2022"]
[White "Yang, Kaiqi"]
[Black "Rosen, Eric"]
[WhiteFideId "8604398"]
[BlackFideId "2032562"]
[WhiteElo "2373"]
[BlackElo "2362"]
[Result "1-0"]
[Round "11"]
[TimeControl "180+1"]
[Date "2022.06.07"]
[WhiteClock "0:00:20"]
[BlackClock "0:00:01"]

1. d4 d5 2. c4 e6 3. Nc3 Nf6 4. cxd5 exd5 5. Bg5 c6 6. e3 h6 7. Bh4 Bd6 8. Bd3 O-O 9. Nge2 Re8 10. Qc2 a5 11. a3 Ra6 12. Bxa6 Nxa6 13. O-O Bxh2+ 14. Kh1 Bd6 15. Kg1 Nc7 16. Qd2 Bf5 17. f3 Ne6 18. Rae1 Bg6 19. Nf4 Nxf4 20. exf4 Be7 21. Re5 Nd7 22. Rxe7 Rxe7 23. Bxe7 Qxe7 24. Re1 Qf6 25. g4 Qh4 26. Qf2 Qd8 27. f5 Bh7 28. Qe3 Kf8 29. Qf4 Nb6 30. b3 f6 31. a4 Bg8 32. Qc1 Nc8 33. Ne2 Qd6 34. Qc5 Qxc5 35. dxc5 Bf7 36. Nd4 Ne7 37. Rb1 Ke8 38. b4 Kd8 39. bxa5 Kc7 40. a6 bxa6 41. Rb6 Be8 42. Ne6+ Kd7 43. Rxa6 Nc8 44. Ra8 d4 45. Nxd4 Kc7 46. Ne6+ Kb7 47. Rxc8 Kxc8 48. Nxg7 Bf7 49. Kf2 Kb7 50. Ne6 Ka6 51. Nd4 Bd5 52. Ne2 Ka5 53. Nf4 Bc4 54. Nh5 Kxa4 55. Ke3 1-0